 Dungeon Crawl Stone Soup version 0.17.1-3-g152610e (webtiles) character file.

46 dohliylev the Scholar of Death (level 3, -11/24 HPs)
             Began as a Mummy Necromancer on Mar 6, 2016.
             Was a Follower of Kikubaaqudgha.
             Mangled by a gnoll
             ... wielding a +0 flail
              (15 damage)
             ... on level 2 of the Dungeon.
             The game lasted 00:21:52 (1317 turns).

dohliylev the Scholar of Death (Mummy Necromancer)  Turns: 1317, Time: 00:21:52

Health: -11/24     AC:  2    Str: 11    XL:     3   Next: 44%
Magic:  0/7        EV: 12    Int: 15    God:    Kikubaaqudgha [*.....]
Gold:   97         SH:  0    Dex: 12    Spells: 3 memorised, 2 levels left

rFire  x . .     SeeInvis .     g - -3 spear (curse)
rCold  + . .     Clarity  .     h - +0 robe (curse)
rNeg   + + +     SustAt   .     (no shield)
rPois  ∞         Gourm    .     (no helmet)
rElec  .         Spirit   .     (no cloak)
rCorr  .         Warding  .     (no gloves)
rMut   .         Stasis   .     (no boots)
MR     .....                    f - amulet of faith
Stlth  ++........               (no ring)
                                (no ring)

@: not resistant to hostile enchantments, unstealthy
A: no food or potions, fire vulnerability, cold resistance 1, negative energy
resistance 3, torment resistance, unbreathing
a: Receive Corpses, Renounce Religion


You were on level 2 of the Dungeon.
You worshipped Kikubaaqudgha.
Kikubaaqudgha was aware of your devotion.
You were not hungry.

You visited 1 branch of the dungeon, and saw 2 of its levels.

You collected 97 gold pieces.

Inventory:

Hand Weapons
 e - a +0 dagger
 g - a cursed -3 spear (weapon)
Armour
 a - a +0 robe
 c - a +0 robe
 h - a cursed +0 robe (worn)
 j - a +0 robe
Jewellery
 f - an amulet of faith (around neck)
Scrolls
 d - 2 scrolls of identify
 i - a scroll of teleportation
Books
 b - a book of Necromancy

   Spells                             Type                      Level
   a - Pain                           Necromancy                   1
   b - Animate Skeleton               Necromancy                   1
   c - Vampiric Draining              Necromancy                   3
   d - Regeneration                   Charms/Necromancy            3
   e - Animate Dead                   Necromancy                   4
   f - Control Undead                 Necromancy                   4
 k - Kikubaaqudgha's Catalogue of Sinister Secrets
   (Kikubaaqudgha gifted it to you on level 2 of the Dungeon)

   Spells                             Type                      Level
   a - Animate Skeleton               Necromancy                   1
   b - Pain                           Necromancy                   1
   c - Corpse Rot                     Necromancy                   2
   d - Vampiric Draining              Necromancy                   3
   e - Control Undead                 Necromancy                   4


   Skills:
 + Level 0.2 Fighting
 + Level 1.7 Dodging
 + Level 1.6 Stealth
 + Level 2.7 Spellcasting
 + Level 4.6 Necromancy


You had 2 spell levels left.
You knew the following spells:

 Your Spells              Type           Power        Failure   Level  Hunger
a - Pain                  Necr           ###.         3%          1    N/A
b - Animate Skeleton      Necr           N/A          3%          1    N/A
c - Vampiric Draining     Necr           ###.......   12%         3    N/A

Dungeon Overview and Level Annotations

Branches:
Dungeon (2/15)

Altars:
Kikubaaqudgha


Innate Abilities, Weirdness & Mutations

You do not eat or drink.
Your flesh is vulnerable to fire.
You are immune to poison.
Your flesh is cold resistant.
You are immune to negative energy.
You are immune to unholy pain and torment.
You can survive without breathing.


Message History

The gnoll is heavily wounded.
The gnoll hits you with a flail!
* * * LOW HITPOINT WARNING * * *
You closely miss the gnoll.
The gnoll is heavily wounded.
The gnoll closely misses you.
You hit the gnoll but do no damage.
The gnoll is heavily wounded.
The gnoll closely misses you.
You hit the gnoll.
The gnoll is severely wounded.
You closely miss the gnoll.
The gnoll is severely wounded.
The gnoll closely misses you.
You barely miss the gnoll.
The gnoll is severely wounded.
The gnoll hits you with a flail!
Ouch! That really hurt!
You die...
Kikubaaqudgha rasps: "You have failed me!
Welcome... oblivion!"

# #######.#
#...#'#####
#######.#..(.....
#..ZZ...#........
##.....####.......
#......# #..<....
#.#....# #.......
# #.#....#
#....... ##.
#@#....# ########
#?.. #g#....#
#....##)#....#
#.......#....#
######
#...#####..>.#
#..... #. #.....
#..... #.....
#.....


You could see a gnoll.

Vanquished Creatures
  A gnoll (D:2)
  7 bats
  A giant cockroach (D:2)
  4 goblins
  7 hobgoblins
  2 kobolds (D:1)
  4 giant newts
  4 rats
30 creatures vanquished.

Vanquished Creatures (collateral kills)
  A bat (D:1)
  4 goblins
  A hobgoblin (D:2)
6 creatures vanquished.

Grand Total: 36 creatures vanquished

Notes
Turn   | Place    | Note
--------------------------------------------------------------
     0 | D:1      | dohliylev the Mummy Necromancer began the quest for the Orb.
     0 | D:1      | Reached XP level 1. HP: 13/13 MP: 3/3
   216 | D:1      | Reached XP level 2. HP: 16/19 MP: 0/5
   317 | D:1      | Learned a level 1 spell: Animate Skeleton
   998 | D:2      | Reached XP level 3. HP: 11/24 MP: 1/6
  1021 | D:2      | Found a faded altar to an unknown god.
  1053 | D:2      | Became a worshipper of Kikubaaqudgha
  1053 | D:2      | Reached * piety under Kikubaaqudgha
  1053 | D:2      | Received a gift from Kikubaaqudgha
  1053 | D:2      | Identified Kikubaaqudgha's Catalogue of Sinister Secrets (Kikubaaqudgha gifted it to you on level 2 of the Dungeon)
  1184 | D:2      | Learned a level 3 spell: Vampiric Draining
  1317 | D:2      | Mangled by a gnoll

Action                   || total
-------------------------++-------
Melee: Unarmed           ||    21
       Spear             ||    36
 Cast: Pain              ||    52
       Animate Skeleton  ||    18
       Vampiric Draining ||     1
Invok: Receive Corpses   ||     1
  Use: Scroll            ||     2
 Stab: Distracted        ||     2
       Sleeping          ||     2
